 Dungeon Crawl Stone Soup version 0.32-a0-913-g739538afd8 (webtiles) character file.

Game seed: 14097734154622856679

217 Biggs the Changeling (level 5, -1/37 HPs)
             Began as a Human Shapeshifter on Apr 9, 2024.
             Slain by an orc
             ... wielding a +0 trident
              (6 damage)
             ... on level 4 of the Dungeon.
             The game lasted 00:04:31 (2945 turns).

Biggs the Changeling (Human Shapeshifter)           Turns: 2945, Time: 00:04:31

Health: -1/37      AC:  2    Str: 17    XL:     5   Next: 94%
Magic:  5/5        EV: 11    Int: 10    God:
Gold:   121        SH:  0    Dex: 12    Spells: 4/4 levels left

rFire   + .          .
                       - Unarmed
rCold   . . .        (no shield)
rNeg    . . .        a - +0 animal skin
rPois   .            (helmet currently unavailable)
rElec   .            (cloak currently unavailable)
rCorr   .            (gloves currently unavailable)
SInv    .            (boots currently unavailable)
Will    .....        (no amulet)
Stlth   +            q - ring of protection from fire
HPRegen 0.26/turn    (no ring)
MPRegen 0.09/turn

%: no passive effects
@: beast-form
A: beast (slay +3), explore regen
a: Begin Untransformation


You were on level 4 of the Dungeon.
You were a hulking beast.
You visited 1 branch of the dungeon, and saw 4 of its levels.

You collected 121 gold pieces.

Inventory:

Armour
 a - a +0 animal skin (worn)
Jewellery
 q - a ring of protection from fire (left hand)
Talismans
 c - a beast talisman (active)
 d - a flux talisman
Scrolls
 b - a scroll of teleportation {unknown}
 f - a scroll of blinking {unknown}
 k - a scroll of brand weapon {unknown}
 l - 2 scrolls of identify {unknown}
 n - a scroll of amnesia {unknown}
 o - a scroll of noise {unknown}
 p - a scroll of revelation {unknown}
Potions
 e - a potion of curing
 g - a potion of mutation {unknown}
 h - 3 potions of heal wounds {unknown}
 i - 2 potions of attraction {unknown}
 j - a potion of resistance {unknown}
 m - a potion of lignification


   Skills:
 - Level 1.0 Fighting
 - Level 2.0 Dodging
 - Level 3.0 Unarmed Combat
 + Level 6.0 Shapeshifting


You had 4 spell levels left.
You didn't know any spells.
Your spell library contained the following spells:

 Spells                   Type           Power      Damage    Failure   Level
 Lesser Beckoning         Tloc           0%         N/A       50%         2
 Maxwell's Portable Pile  Tloc           0%         2d(5-13)  75%         3
 Teleport Other           Tloc           0%         N/A       75%         3


Dungeon Overview and Level Annotations

Branches:
Dungeon (4/15)
 Temple: D:4-7

Altars:
Gozag
Kikubaaqudgha
Yredelemnul

Annotations:
D:2 1 runed translucent door, Crazy Yiuf


Innate Abilities, Weirdness & Mutations

You are a hulking beast.
Your limbs bulge with bestial killing power. (Slay +3)
You regain HP and MP as you explore.


Message History

You hit something. Something hits you but does no damage.
An orc wizard comes into view. It is wielding a +0 dagger.
The orc throws a boomerang.
The boomerang barely misses you.
You barely miss something. Something hits you.
* * * LOW HITPOINT WARNING * * *
The orc throws a boomerang.
The boomerang hits you.
* * * LOW HITPOINT WARNING * * *
Unknown command.
Okay, then.
It was a potion of curing.
You feel better. Something hits you but does no damage.
You closely miss something. Something completely misses you.
You miss something. You hit something.
Reactivating autopickup.
You feel a bit more experienced. The hound bites you but does no damage.
Your Shapeshifting skill increases to level 6!
You closely miss the hound.
The orc hits you from afar with a +0 trident!
* * * LOW HITPOINT WARNING * * *
The hound bites you.
* * * LOW HITPOINT WARNING * * *
You feel better. The hound closely misses you. The orc closely misses you.
You hit the hound.
The hound is lightly wounded.
The hound closely misses you. The orc closely misses you. The hound bites you.
* * * LOW HITPOINT WARNING * * *
You hit the hound.
The hound is heavily wounded.
The orc barely misses you. The hound bites you.
* * * LOW HITPOINT WARNING * * *
You feel better. The hound bites you.
* * * LOW HITPOINT WARNING * * *
The orc hits you from afar with a +0 trident.
* * * LOW HITPOINT WARNING * * *
You punch the hound!
The hound is almost dead.
The hound misses you.
The orc hits you from afar with a +0 trident.
You die...

#.....###.##
#........(.#
#.....†...#.#
###......###.#
#<....## #.#
#......## ##
#.......#.#
#........#
#.##h###.# #.
#h# .#
?.[...ooo# #
.###.##o.# #
.... ....#
...... ......#
.......#


You could see a hound, an orc wizard and 3 orcs.

Vanquished Creatures
  An orc priest (D:4)
  2 orc wizards (D:4)
  Robin (D:2)
  2 adders
  3 dart slugs
  A ribbon worm (D:2)
  3 orcs
  10 ball pythons
  5 endoplasms
  4 giant cockroaches
  14 goblins
  14 hobgoblins
  2 jackals (D:1)
  10 kobolds
  3 quokkas
  8 bats
  A frilled lizard (D:1)
  5 rats
89 creatures vanquished.

Notes
Turn   | Place    | Note
-------+----------+-------------------------------------------
     0 | D:1      | Biggs the Human Shapeshifter began the quest for the Orb.
     0 | D:1      | Reached XP level 1. HP: 15/15 MP: 1/1
   130 | D:1      | Reached XP level 2. HP: 21/21 MP: 2/2
   448 | D:1      | Reached XP level 3. HP: 25/26 MP: 3/3
   542 | D:1      | Reached skill level 4 in Shapeshifting
   557 | D:1      | HP: 1/26 [constriction (2)]
  1038 | D:2      | Noticed Robin
  1059 | D:2      | Killed Robin
  1067 | D:2      | Reached XP level 4. HP: 4/32 MP: 4/4
  1392 | D:2      | Found a basalt altar of Yredelemnul.
  1413 | D:2      | Found a faded altar of an unknown god.
  1641 | D:2      | Reached skill level 5 in Shapeshifting
  1691 | D:2      | Found a runed translucent door.
  1692 | D:2      | Noticed Crazy Yiuf
  2244 | D:3      | Reached XP level 5. HP: 23/37 MP: 5/5
  2462 | D:3      | Found an opulent altar of Gozag.
  2486 | D:3      | Found an ancient bone altar of Kikubaaqudgha.
  2935 | D:4      | HP: 1/37 [orc/boomerang (5)]
  2940 | D:4      | Reached skill level 6 in Shapeshifting
  2945 | D:4      | Slain by an orc

Illustrated notes

Levels and vault maps discovered:
D:1:      dpeg_arrival_rooms_with_view, layout_basic, chequers_garden,
          hangedman_decor_lopped
D:2:      layout_basic, basic_altar, dreamdust_ecumenical_altar_grove,
          uniq_robin, uniq_crazy_yiuf_cottage
D:3:      layout_basic, mainiacjoe_overflow_six_doors_small,
          grunt_gozag_statues, nicolae_concentric_dashed_squares_wild
D:4:      layout_loops_ring, mainiacjoe_overflow_swirl, serial_bayou_pond_a,
          minmay_manual_moon, uniq_sigmund, uniq_pikel

Skill      XL: |  1  2  3  4  5 |
---------------+----------------+-----
Shapeshifting  | 4 5 6 |  6.0
Fighting       | |  1.0
Dodging        | |  2.0
Unarmed Combat | |  3.0

Action                     |  1- 3 |  4- 6 || total
---------------------------+-------+-------++-------
  Melee: Unarmed           |   109 |   172 ||   281
         Punch             |     1 |     5 ||     6
    Use: Potion            |     1 |     3 ||     4
   Stab: Sleeping          |       |     3 ||     3
 Armour: Animal skin       |    78 |    98 ||   176
         Skin              |     6 |     7 ||    13
  Dodge: Dodged            |    70 |   104 ||   174

Table legend: (Time is in decaauts)
 A = Elapsed time spent in this place.
 B = Non-inter-level travel time spent in this place.
 C = Inter-level travel time spent in this place.
 D = Time resting spent in this place.
 E = Time spent auto-exploring this place.
 F = Levels seen in this place.
 G = Mean time per level.
                   A        B        C        D        E       F      G
               +--------+--------+--------+--------+--------+-----+--------+
         Total |   2928 |   2846 |     82 |    110 |   2183 |   4 |  732.0 |
       Dungeon |   2928 |   2846 |     82 |    110 |   2183 |   4 |  732.0 |
               +--------+--------+--------+--------+--------+-----+--------+

Top non-repeatable levels by time:
     D:2: 1191 daAuts
     D:1: 1012 daAuts
     D:3: 641 daAuts
     D:4: 84 daAuts
